[Event "*** Titled Tuesday Blitz"]
[Site "Chess.com"]
[Date "2020.05.12"]
[Round "7"]
[White "LionTheLeon_06"]
[Black "Zakaryan_David"]
[Result "0-1"]
[WhiteElo "2664"]
[BlackElo "2528"]
[TimeControl "180+1"]
[EndTime "11:17:08 PDT"]
[Termination "Zakaryan_David won on time"]

1. Nf3 Nf6 2. g3 g6 3. b3 Bg7 4. Bb2 O-O 5. Bg2 d6 6. d4 c5 7. O-O cxd4 8. Nxd4 Qc7 9. c4 Nc6 10. Nc3 Bd7 11. Rc1 Qa5 12. e3 Rac8 13. Re1 Rfd8 14. h3 Be8 15. Qd2 a6 16. Red1 e6 17.
Qe2 Nxd4 18. exd4 b5 19. c5 dxc5 20. dxc5 Rxd1+ 21. Nxd1 b4 22. Bd4 Bb5 23. Qb2 Ne8 24.
Bxg7 Nxg7 25. Ne3 Qd8 26. h4 h5 27. c6 Ne8 28. Qe5 Qd6 29. Qe4 Nf6 30. Qc2 Kf8 31.
Nc4 Qc5 32. Ne3 Qxc2 33. Rxc2 Ke7 34. Nc4 Nd5 35. Bxd5 exd5 36. Ne5 Kd6 37. Nxf7+ Ke6 38. Ng5+ Kd6 39. Re2 Rxc6 0-1

[Event "*** Titled Tuesday Blitz"]
[Site "Chess.com"]
[Date "2020.05.12"]
[Round "7"]
[White "Tashik"]
[Black "MaxVavulin"]
[Result "0-1"]
[WhiteElo "2455"]
[BlackElo "2632"]
[TimeControl "180+1"]
[EndTime "11:17:08 PDT"]
[Termination "MaxVavulin won on time"]

1. c4 g6 2. e4 Bg7 3. d4 c5 4. d5 d6 5. Nc3 e6 6. f3 Ne7 7.
Be3 O-O 8. Qd2 exd5 9. cxd5 a6 10. a4 f5 11. h4 Nd7 12. h5 Ne5 13. hxg6 hxg6 14.
Bh6 Nf7 15. Bxg7 Kxg7 16. Nge2 Rh8 17. Rxh8 Qxh8 18. O-O-O Bd7 19. Nf4 Qh6 20. Ne6+ Kg8 21. exf5 gxf5 22. g4 Qxd2+ 23. Rxd2 Ne5 24. Be2 Kf7 25.
gxf5 Nxf5 26. Ne4 Bxe6 27. Ng5+ Ke7 28. Nxe6 Rh8 29. b3 Rh2 30. Bd1 Rh1 31. Kb2 Ne3 32.
Be2 Rh2 33. Kc3 Nxd5+ 34. Rxd5 Rxe2 35. Nf4 Re3+ 36. Kc2 Rxf3 37. Ne2 Ke6 38. Rd1 Rf2 39. Rd2 Rf1 40. Nc3 Nc6 41. Ne4 Nd4+ 42. Kb2 Re1 43. Ng5+ Kf5 44. Nf7 Re6 45. Nd8 Re7 0-1

[Event "*** Titled Tuesday Blitz"]
[Site "Chess.com"]
[Date "2020.05.12"]
[Round "7"]
[White "Kolle05"]
[Black "Gentlejimmy7"]
[Result "1-0"]
[WhiteElo "2400"]
[BlackElo "2548"]
[TimeControl "180+1"]
[EndTime "11:17:09 PDT"]
[Termination "Kolle05 won by resignation"]

1. e4 c5 2. Nf3 Nc6 3. d4 cxd4 4.
Nxd4 Nf6 5. Nc3 e6 6. g3 Bb4 7.
Bg2 O-O 8. O-O d5 9. exd5 Bxc3 10. dxc6 Bxd4 11. cxb7 Bxb7 12. Bxb7 Rb8 13. Bg2 Bxb2 14. Qxd8 Rfxd8 15. Rb1 Bxc1 16. Rxb8 Rxb8 17. Rxc1 Rb2 18. c4 Kf8 19. c5 Ke7 20. Rc3 Kd7 21. Ra3 Ne8 22. Rxa7+ Nc7 23. h4 Rc2 24. c6+ Kd6 25. a4 e5 26. Be4 Ra2 27. Kg2 g6 28. g4 h6 29. h5 gxh5 30. gxh5 Ra3 31. f3 Ra1 32.
Kg3 Rg1+ 33. Kh3 Rh1+ 34. Kg4 Rg1+ 35. Kf5 Rg5+ 36. Kf6 Rxh5 37. Kxf7 Rg5 38. Rb7 Rg1 39. Rb8 Ra1 40. Rd8+ Kc5 41. Kg6 Rxa4 42. Kxh6 Rd4 43. Rd7 Ne6 44. Rxd4 exd4 45. Kg6 d3 46. Kf6 d2 47.
Bc2 Nd4 48. c7 Nxc2 49. c8=Q+ Kd4 50. Qxc2 Ke3 51. Qd1 1-0

[Event "*** Titled Tuesday Blitz"]
[Site "Chess.com"]
[Date "2020.05.12"]
[Round "7"]
[White "kingmonkey2006"]
[Black "Future2700"]
[Result "0-1"]
[WhiteElo "2648"]
[BlackElo "2432"]
[TimeControl "180+1"]
[EndTime "11:17:10 PDT"]
[Termination "Future2700 won by checkmate"]

1. e3 e5 2. Ne2 d5 3. d4 e4 4. c4 c6 5. Nd2 Nd7 6. Nc3 Ndf6 7.
Be2 Bd6 8. c5 Bb8 9. b4 a6 10. a4 Ne7 11. Rb1 Ng6 12. b5 axb5 13.
axb5 Nh4 14. Kf1 h5 15. bxc6 bxc6 16. Rb6 Bc7 17. Rxc6 Bb7 18. Bb5 O-O 19. g3 Nf5 20.
Rxf6 Qxf6 21. Kg2 h4 22. Qg4 Qe6 23. Qe2 h3+ 24. Kf1 Ra1 25. Nb3 Ra7 26. Ke1 Bc6 27.
Kd2 Rb8 28. Kc2 Bxb5 29. Nxb5 Qa6 30. Nc3 Qd3+ 31. Qxd3 exd3+ 32. Kxd3 Rxb3 33. Kc2 Rb8 34. Nxd5 Bd8 35. g4 Nh4 36. Nc3 Nf3 37. Kd3 Ba5 38. Bd2 Nxd2 39. Kxd2 Rb3 40. Rc1 Rxc3 41. Rxc3 Kf8 42.
Kd3 Bxc3 43. Kxc3 Ke7 44. e4 Ra2 45. d5 Rxf2 46. d6+ Kd7 47. Kd4 Rxh2 48. Kd5 Rd2+ 49.
Ke5 h2 50. Kf4 h1=Q 51. Ke3 Qe1+ 52. Kf4 Rf2+ 53. Ke5 Qc3+ 54. Kd5 Rd2# 0-1

[Event "*** Titled Tuesday Blitz"]
[Site "Chess.com"]
[Date "2020.05.12"]
[Round "7"]
[White "WhiteKnight2612"]
[Black "IMAghasiyevKamal"]
[Result "0-1"]
[WhiteElo "2676"]
[BlackElo "2543"]
[TimeControl "180+1"]
[EndTime "11:17:11 PDT"]
[Termination "IMAghasiyevKamal won by resignation"]

1. Nf3 d5 2. d4 Nf6 3. c4 e6 4.
Nc3 Be7 5. g3 O-O 6. Bg2 c6 7.
O-O b6 8. b3 Ba6 9. cxd5 cxd5 10.
Ne5 Nfd7 11. f4 Nxe5 12. fxe5 Nc6 13. Rf2 Rc8 14. Bb2 Bg5 15. Rf3 f6 16. h4 Bh6 17.
b4 Bc4 18. b5 Na5 19. Ba3 Rf7 20. Bh3 f5 21. Bb4 Nb7 22. Rb1 Qe8 23. a4 g6 24. Kg2 a5 25. Ba3 Bf8 26. Bxf8 Qxf8 27. Qd2 Rfc7 28. Nd1 Bxe2 29. Rf2 Rc2 30. Qg5 Bxd1 31.
Rxd1 Rxf2+ 32. Kxf2 Qd8 33. Qd2 Qc7 34. h5 Qc2 35.
hxg6 hxg6 36. Bf1 Nd8 37. Bd3 Qxd2+ 38. Rxd2 Nf7 39. Rc2 Rxc2+ 40. Bxc2 Ng5 41. Ke3 Kg7 42. Kf4 Kh6 43. Bd3 Nf7 44. Bf1 g5+ 45. Kf3 g4+ 46.
Kf4 Nh8 47. Ke3 Ng6 48. Bg2 Kg5 49. Bf1 f4+ 50. Kf2 f3 51. Ke3 Ne7 52. Bd3 Nf5+ 53.
Bxf5 Kxf5 54. Kd3 f2 55. Ke2 Ke4 56. Kxf2 Kxd4 0-1

[Event "*** Titled Tuesday Blitz"]
[Site "Chess.com"]
[Date "2020.05.12"]
[Round "7"]
[White "Maksimus1998"]
[Black "Vesper2018"]
[Result "0-1"]
[WhiteElo "2449"]
[BlackElo "2253"]
[TimeControl "180+1"]
[EndTime "11:17:11 PDT"]
[Termination "Vesper2018 won by checkmate"]

1. c4 e5 2. Nc3 d6 3. Nf3 f5 4. g3 g6 5. d4 e4 6. Ng5 Bg7 7. h4 Nc6 8. e3 Nf6 9. Be2 O-O 10. Nh3 Bh6 11. b3 Ne7 12. d5 c6 13. dxc6 bxc6 14. Bb2 Be6 15. Nf4 Bf7 16. Ba3 Nc8 17.
Qd2 Bg7 18. Rd1 Qa5 19. Bb2 Qc7 20. h5 Rd8 21. hxg6 hxg6 22. Kf1 Ne7 23. Kg2 a6 24. Qc1 d5 25. cxd5 cxd5 26. Qa1 Rd6 27. Na4 Nc6 28. Rc1 Qe7 29. Nb6 Rad8 30. Bxa6 Qa7 31.
Nc8 Qxa6 32. Nxd6 Rxd6 33. Rc5 Nb4 34. a3 Nd3 35. Nxd3 Qxd3 36. Rc8+ Be8 37. Bxf6 Bxf6 38. Rxe8+ Kf7 39. Re5 Qe2 40. Qc3 Qf3+ 41. Kg1 Qd1+ 42.
Kh2 Qh5+ 43. Kg2 Qf3+ 44. Kh2 Rd7 45. Qc6 Qxf2+ 46. Kh3 Bxe5 47. Qxd7+ Kf6 48. Rc1 Qxg3# 0-1

[Event "*** Titled Tuesday Blitz"]
[Site "Chess.com"]
[Date "2020.05.12"]
[Round "7"]
[White "heartofatiger"]
[Black "BelaKis"]
[Result "1-0"]
[WhiteElo "2452"]
[BlackElo "2117"]
[TimeControl "180+1"]
[EndTime "11:17:11 PDT"]
[Termination "heartofatiger won on time"]

1. d4 Nf6 2. c4 g6 3. Nc3 Bg7 4. e4 d6 5. f3 O-O 6. Nge2 a6 7. Be3 Nbd7 8. Rc1 c5 9. d5 Ne5 10. Ng3 b5 11. b3 h5 12. h4 b4 13. Nce2 a5 14.
Nf4 a4 15. Be2 axb3 16. axb3 Ra3 17. Rb1 Bd7 18. Nd3 Nxd3+ 19. Bxd3 Qa5 20. Ne2 Ra8 21. O-O Ra2 22. Bg5 Qa3 23. Bc1 Qa5 24. Bf4 Nh7 25. Bg3 Ra1 26. Rxa1 Qxa1 27. Qxa1 Bxa1 28. f4 Bg4 29.
Kh1 Ra2 30. Ng1 f5 31. Nf3 Kg7 32. e5 Bc3 33. Nh2 Be2 34. Bxe2 Rxe2 35. exd6 exd6 36.
Nf3 Kf7 37. Rb1 Nf6 38. Ng5+ Ke7 39. Nf3 Ne4 40. Be1 Bxe1 41. Nxe1 Kf6 42. Ra1 Nd2 43. Nd3 Nxb3 44. Ra6 Ke7 45. Ra7+ Kf6 46. Rd7 Rd2 47. Rxd6+ Kf7 48. Ne5+ Kf8 49. Rf6+ Kg8 50. Rxg6+ Kf8 51.
d6 Nc1 52. d7 b3 53. Rb6 Rd6 54. Rxd6 1-0

[Event "*** Titled Tuesday Blitz"]
[Site "Chess.com"]
[Date "2020.05.12"]
[Round "7"]
[White "1stSecond"]
[Black "Alexander_Zubov"]
[Result "1-0"]
[WhiteElo "2709"]
[BlackElo "2835"]
[TimeControl "180+1"]
[EndTime "11:17:12 PDT"]
[Termination "1stSecond won on time"]

1. Nf3 Nf6 2. g3 d5 3. Bg2 c6 4. O-O Bg4 5. h3 Bh5 6. d3 e6 7. Nbd2 Be7 8. e4 O-O 9. Qe2 a5 10. a4 Qb6 11. Rd1 Na6 12. Nf1 dxe4 13. dxe4 Nc5 14.
e5 Nd5 15. g4 Bg6 16. Ng3 Nb4 17. Nd4 Rfd8 18. Be3 Qa6 19. Qxa6 Ncxa6 20. Be4 Nc5 21. Bxg6 hxg6 22. f4 Rd5 23. Nge2 Rad8 24. Nc3 R5d7 25.
Kf1 f6 26. Ke2 Kf7 27. Rd2 Rh8 28. Rh1 Rdd8 29. Bf2 Rh7 30. h4 fxe5 31. fxe5 Rhh8 32. Bg3 Ke8 33. g5 Rd7 34. Rhd1 Rf8 35. Ke3 Rf7 36. Nde2 Rxd2 37. Rxd2 Bd8 38. Nf4 Bb6 39. Ke2 Rf5 40.
Nxg6 Kf7 41. Nh8+ Kg8 42. Ng6 Kh7 43. Ne7 Rf7 44. g6+ 1-0

[Event "*** Titled Tuesday Blitz"]
[Site "Chess.com"]
[Date "2020.05.12"]
[Round "7"]
[White "MiroVlasenko"]
[Black "Igor_Lysyj"]
[Result "0-1"]
[WhiteElo "2611"]
[BlackElo "2793"]
[TimeControl "180+1"]
[EndTime "11:17:12 PDT"]
[Termination "Igor_Lysyj won by resignation"]

1. e4 e5 2. Nc3 Nf6 3. Bc4 Bc5 4. f4 d5 5. exd5 e4 6. d4 exd3 7. Qxd3 O-O 8. Bd2 a6 9. O-O-O b5 10. Bb3 Bg4 11.
Nf3 Nbd7 12. h3 Bxf3 13. Qxf3 Qb8 14. g4 a5 15. g5 Ne8 16. d6 Nxd6 17. Bd5 Ra6 18.
Ne4 Nxe4 19. Bxe4 Rd6 20. Bc3 Re8 21. Rde1 b4 22. Be5 Rde6 23. Bd5 R6e7 24. Ref1 Qb6 25. h4 Bd4 26. h5 Bxe5 27. fxe5 Nxe5 28. Qg3 c6 29.
Bb3 c5 30. g6 c4 31. gxf7+ Rxf7 32. Rxf7 Kxf7 33. Qf4+ Qf6 34. Bxc4+ Kf8 35. Qxf6+ gxf6 36. Be2 Re7 37. h6 Nf7 38. Bd3 Ng5 39. Rf1 Kf7 40. Rf5 Re5 41. Rf4 Re1+ 42. Kd2 Re5 43. c3 bxc3+ 44. Kxc3 Ke6 45. Rc4 f5 46. Rc6+ Kf7 47.
Bc4+ Ke7 48. Rc7+ Kf6 49. Rg7 f4 50. a3 f3 51. b4 axb4+ 52. axb4 f2 53. Rg8 Re7 54.
Rf8+ Nf7 55. b5 Rc7 56. Rxf7+ Rxf7 57. b6 Rb7 0-1

[Event "*** Titled Tuesday Blitz"]
[Site "Chess.com"]
[Date "2020.05.12"]
[Round "7"]
[White "ehrenfeld"]
[Black "AlexZambrano"]
[Result "0-1"]
[WhiteElo "2489"]
[BlackElo "2322"]
[TimeControl "180+1"]
[EndTime "11:17:12 PDT"]
[Termination "AlexZambrano won on time"]

1. e4 d5 2. exd5 Qxd5 3. Nc3 Qd6 4. d4 c6 5. Nf3 Bg4 6. Be2 Nf6 7. O-O Nbd7 8. Be3 e6 9. Nd2 Bxe2 10. Qxe2 Qc7 11.
Nc4 Nd5 12. Bd2 Nxc3 13. Bxc3 Nf6 14. Bd2 Be7 15. Ne5 O-O 16. Bg5 Rfd8 17. Rad1 h6 18. Bh4 Nd5 19. Bxe7 Qxe7 20. c4 Nf6 21. Qe3 Qb4 22.
Rd2 c5 23. Rfd1 cxd4 24. Rxd4 Rxd4 25. Qxd4 Rc8 26. h3 a6 27. Rd2 b5 28. b3 bxc4 29. bxc4 Qb1+ 30. Kh2 Qb8 31. g3 Qc7 32. Qd6 Qa5 33.
Rb2 Ne4 34. Qd4 Nf6 35. Rb7 Rd8 36. Qf4 Rf8 37. g4 Qc5 38. h4 a5 39. Kh3 Qa3+ 40. f3 Qxa2 41. g5 hxg5 42. hxg5 Nh5 43. Qe4 Qf2 44.
Kg4 Qh2 0-1

[Event "*** Titled Tuesday Blitz"]
[Site "Chess.com"]
[Date "2020.05.12"]
[Round "7"]
[White "Jbd735"]
[Black "Kaliopa"]
[Result "1-0"]
[WhiteElo "2445"]
[BlackElo "2115"]
[TimeControl "180+1"]
[EndTime "11:17:12 PDT"]
[Termination "Jbd735 won by resignation"]

1. e4 c5 2. Nf3 Nc6 3. d4 cxd4 4. Nxd4 Nf6 5. Nc3 d6 6. Bg5 e6 7. Qd2 a6 8. O-O-O Be7 9. h4 Nxd4 10. Qxd4 b5 11.
Bxf6 gxf6 12. f4 Qa5 13. Kb1 Bd7 14. Bd3 Rg8 15. e5 fxe5 16. fxe5 d5 17. Bxh7 Rf8 18.
h5 b4 19. Ne2 Bc5 20. Qh4 Qb6 21.
h6 Be7 22. Qd4 Bc5 23. Qh4 Be7 24. Qh3 O-O-O 25. Bd3 Kb7 26. h7 a5 27. Rdf1 Qc7 28. Qh5 f5 29. exf6 Bxf6 30. Rxf6 Rxf6 31. h8=Q Rxh8 32.
Qxh8 Qe5 33. Qd8 Rf7 34. Qxa5 Bc6 35. Qxb4+ Kc8 36. Qd4 Qd6 37. a3 e5 38. Qg4+ Kc7 39. Rh7 Rxh7 40. Bxh7 e4 41. Qf4 Bb5 42. Qxd6+ Kxd6 43. Nd4 Ba6 44. Kc1 Ke5 45. c3 Bc8 46. Kd2 Bg4 47. Ke3 Bd1 48. Bg6 Ba4 49. Bh5 Bd7 50.
Be2 Be6 51. Bd1 Bd7 52. a4 Bc8 53. a5 Ba6 54. Be2 Bb7 55. a6 Ba8 56. b4 Kd6 57. g4 Ke5 58. g5 1-0

[Event "*** Titled Tuesday Blitz"]
[Site "Chess.com"]
[Date "2020.05.12"]
[Round "7"]
[White "martabartel"]
[Black "Glidzhian_Gor"]
[Result "0-1"]
[WhiteElo "2287"]
[BlackElo "2460"]
[TimeControl "180+1"]
[EndTime "11:17:13 PDT"]
[Termination "Glidzhian_Gor won by checkmate"]

1. d4 Nf6 2. c4 g6 3. Nf3 Bg7 4. Nc3 O-O 5. Bg5 d6 6. e3 c6 7. Be2 Nbd7 8. Qc2 a6 9. O-O b5 10. b3 Bb7 11. Rac1 h6 12. Bh4 e5 13. Rfd1 Qe7 14. dxe5 dxe5 15. Nd2 g5 16. Bg3 b4 17.
Na4 c5 18. e4 Bc6 19. Nb2 Rfd8 20. Nd3 Nxe4 21. Nxe4 Bxe4 22. f3 Bg6 23. Bf2 Rac8 24.
Qd2 Nf8 25. Qe1 Ne6 26. Be3 Nd4 27. Bxd4 exd4 28. Qf2 Re8 29. Bf1 Qd6 30. Re1 h5 31. Rxe8+ Rxe8 32. Re1 Rxe1 33. Qxe1 Bf6 34. Qg3 Qe7 35. Qe1 Qc7 36. g3 Kg7 37. Kg2 Qc6 38.
Qe2 g4 39. Kf2 gxf3 40. Qxf3 Qc7 41. Be2 Bg5 42. Qd5 Be3+ 43. Ke1 h4 44. Ne5 hxg3 45.
hxg3 Qe7 46. Kd1 Qg5 47. Nf3 Qxg3 48. Qe5+ Qxe5 49. Nxe5 Be4 50. Nd7 d3 51. Bf1 Bf3+ 52. Ke1 d2# 0-1

[Event "*** Titled Tuesday Blitz"]
[Site "Chess.com"]
[Date "2020.05.12"]
[Round "7"]
[White "shnitez"]
[Black "GoValya"]
[Result "0-1"]
[WhiteElo "2398"]
[BlackElo "2176"]
[TimeControl "180+1"]
[EndTime "11:17:14 PDT"]
[Termination "GoValya won by resignation"]

1. e4 e6 2. d4 d5 3. Bd3 dxe4 4. Bxe4 Nf6 5. Bf3 Be7 6. Ne2 O-O 7. O-O c5 8. Nbc3 a6 9. Be3 cxd4 10. Nxd4 e5 11. Nb3 Qc7 12. a4 Bf5 13. a5 Nbd7 14. Nd5 Nxd5 15. Qxd5 Qxc2 16. Rac1 Qxb2 17. Nc5 Nxc5 18.
Bxc5 Bxc5 19. Rxc5 Rab8 20. Qxe5 Qxe5 21. Rxe5 Be6 22. Rb1 Rfd8 23. h3 Rd7 24. Re3 g6 25. Reb3 Bxb3 26. Rxb3 Kg7 27. Kh2 h5 28. h4 Rc7 29.
Rb2 Rc5 30. Ra2 Rb5 31. Be2 Rb4 32. g3 Rd8 33. Bf3 Rd3 34. Kg2 Rdb3 35. Ra1 Rb2 36.
Ra3 Rc2 37. Bd5 Rbb2 38. Rf3 f5 39. Kg1 Rb5 40. Be6 Rxa5 41. Rb3 Ra1+ 42. Kg2 b5 43. Rd3 Rcc1 44. Bd5 Rg1+ 45. Kf3 Rgd1 46. Rxd1 Rxd1 47. Bb7 a5 48. Ke2 Rd6 49. f3 b4 50.
g4 Kf6 51. gxh5 gxh5 52. f4 Rd4 53. Bf3 Rxf4 54. Bxh5 Rxh4 55. Be8 Rh2+ 56. Kd3 Ke7 57. Kc4 Kd6 0-1

[Event "*** Titled Tuesday Blitz"]
[Site "Chess.com"]
[Date "2020.05.12"]
[Round "7"]
[White "Revnov"]
[Black "IljaJoke"]
[Result "1-0"]
[WhiteElo "2687"]
[BlackElo "2544"]
[TimeControl "180+1"]
[EndTime "11:17:15 PDT"]
[Termination "Revnov won on time"]

1. e4 e5 2. Nf3 Nc6 3. d4 exd4 4. Nxd4 Nf6 5. Nxc6 bxc6 6. Qe2 Bc5 7. e5 Nd5 8.
c4 Nb6 9. Qg4 O-O 10. Bh6 g6 11. Bxf8 Bxf8 12. Be2 d6 13. Qg3 dxe5 14. Nc3 Bg7 15.
O-O Be6 16. Ne4 h6 17. Nc5 Bxc4 18. Bxc4 Nxc4 19. Rad1 Qe7 20. Qb3 Qxc5 21. Rc1 Nd2 22. Rxc5 Nxb3 23. axb3 Rb8 24. Rxc6 Rxb3 25. Rxc7 Rxb2 26.
Rxa7 Bf8 27. Rc7 Bb4 28. g3 e4 29. Rd1 Ba5 30. Re7 Bb6 31. Kh1 Rxf2 32. Rxe4 h5 33.
Rb1 Bc5 34. Rb5 Bd6 35. Rd5 Ba3 36. Rd3 Bc5 37. Rc4 Rf5 38. Rd2 Kg7 39. Kg2 Be7 40.
Re2 Bg5 41. Rc8 Bf6 42. Ree8 Re5 43. Rg8+ Kh7 44. Kf3 Rc5 45. Rxc5 Kxg8 46. Rc6 Kg7 47. Ke4 Bb2 48. Rc2 Ba1 49. Kd5 Bf6 50. Kd6 Ba1 51. Kd7 f5 52. Ke6 Bf6 53. Rc7+ 1-0

[Event "*** Titled Tuesday Blitz"]
[Site "Chess.com"]
[Date "2020.05.12"]
[Round "7"]
[White "Fins0905"]
[Black "etesungam"]
[Result "0-1"]
[WhiteElo "2609"]
[BlackElo "2458"]
[TimeControl "180+1"]
[EndTime "11:17:15 PDT"]
[Termination "etesungam won by resignation"]

1. d4 d5 2. c4 e6 3. Nc3 Nf6 4. Nxd5 exd5 5. Nf3 dxc4 6. Bg5 Bb4+ 7. Bd2 Bxd2+ 8.
Qxd2 O-O 9. e3 Be6 10. Rc1 b5 11. Ne5 Qd6 12. Qa5 Qb6 13. Qa3 Nc6 14. Nf3 Qa5+ 15. Qxa5 Nxa5 16. Be2 c5 17. dxc5 Nc6 18. O-O Rac8 19.
Nd4 Rfd8 20. Nxb5 Rb8 21. Nc7 Rxb2 22. Nxe6 fxe6 23. Bxc4 Kf7 24. h3 Rdd2 25. Bb3 Ke7 26. Rc4 Nd5 27. Rg4 g6 28. Ra4 Nxe3 29. Re1 Nd5 30. Rae4 Nd8 31. c6 Kd6 32. Rc1 Nc7 33.
Rf4 a5 34. Rf8 Nxc6 35. Rc8 Rxf2 36. Ba4 Rxg2+ 37. Kh1 Rh2+ 38. Kg1 Rbg2+ 39. Kf1 Rh1+ 40. Kxg2 Rxc1 41. Rh8 h5 42. Rg8 Ne5 43. Rd8+ Ke7 44. Rc8 Kf6 45. Bb3 Rc5 46. Kf2 Na6 47. Ra8 Nb4 48.
Ke3 Nd5+ 49. Kd4 Rc7 50. Rxa5 Nc6+ 51. Kc5 Nxa5+ 0-1

[Event "*** Titled Tuesday Blitz"]
[Site "Chess.com"]
[Date "2020.05.12"]
[Round "7"]
[White "CakeinSpace2002"]
[Black "GMsKoRPioN"]
[Result "1-0"]
[WhiteElo "2249"]
[BlackElo "2428"]
[TimeControl "180+1"]
[EndTime "11:17:15 PDT"]
[Termination "CakeinSpace2002 won by checkmate"]

1. e4 d6 2. d4 g6 3. Nc3 Bg7 4. Be3 a6 5. a4 b6 6. h3 Bb7 7. g4 Nf6 8. Bg2 Nfd7 9. Nge2 Nc6 10. Qd2 e5 11. d5 Ne7 12. Bh6 Bxh6 13. Qxh6 Nc5 14.
Qg7 Rf8 15. Qxh7 a5 16. Qh4 Qd7 17. O-O O-O-O 18. f4 f5 19. fxe5 dxe5 20. Rad1 f4 21. Qg5 Qd6 22. Nb5 Qf6 23. Qxf6 Rxf6 24. Nec3 Kb8 25.
Bf3 g5 26. Kg2 Rh6 27. Rd2 Ng6 28. Rfd1 Nh4+ 29. Kf2 Nxf3 30. Kxf3 Rxh3+ 31. Kf2 Rdh8 32. d6 Rh2+ 33. Kg1 Rh1+ 34. Kg2 Nxe4 35. dxc7+ Ka8 36. Rd8+ Bc8 37. Rxc8+ Rxc8 38. Rxh1 Nd2 39. Nd5 f3+ 40. Kf2 Kb7 41. Rh6 Ne4+ 42. Kxf3 Nc5 43. Rxb6+ Ka8 44.
Rc6 Kb7 45. Rxc5 Ka6 46. Ne7 e4+ 47. Kxe4 Re8 48. c8=Q+ Rxc8 49. Rxc8 Kb7 50. Rc7+ Ka6 51. Ra7+ Kb6 52. Nd5+ Kc5 53. Ra6 Kc4 54. Rc6# 1-0

[Event "*** Titled Tuesday Blitz"]
[Site "Chess.com"]
[Date "2020.05.12"]
[Round "7"]
[White "Nagimov_Artiom"]
[Black "stanyga"]
[Result "0-1"]
[WhiteElo "2401"]
[BlackElo "2637"]
[TimeControl "180+1"]
[EndTime "11:17:16 PDT"]
[Termination "stanyga won by resignation"]

1. d4 d5 2. Nf3 Nf6 3. c4 c6 4.
e3 e6 5. Nc3 Nbd7 6. Qc2 Bd6 7.
b3 O-O 8. Be2 b6 9. O-O Bb7 10.
Bb2 Re8 11. Rad1 Rc8 12. Rfe1 c5 13. cxd5 exd5 14. Qf5 Qe7 15. Qh3 Qe6 16. Qxe6 fxe6 17. Rd2 cxd4 18. Nxd4 Bb4 19. Rc1 e5 20. Nf5 g6 21.
Ng3 Nc5 22. Rdd1 Red8 23. Nb5 a6 24. a3 axb5 25. axb4 Nxb3 26. Rxc8 Rxc8 27. Bxe5 Nd7 28. Bf4 Rc2 29. Bxb5 Bc6 30. Bd3 Rb2 31. h4 Kf7 32. h5 Nd2 33. hxg6+ hxg6 34. Ne2 Nc4 35. Nd4 Ba4 36. Rc1 Rxb4 37. e4 Nb2 38. Be2 Rxd4 39. Rc7 Rxe4 40. Be3 d4 41. Bf3 dxe3 42. Bxe4 e2 43.
Rc1 Bd1 44. Bd5+ Ke7 0-1

[Event "*** Titled Tuesday Blitz"]
[Site "Chess.com"]
[Date "2020.05.12"]
[Round "7"]
[White "WildBizon"]
[Black "EddieMarsalla"]
[Result "0-1"]
[WhiteElo "2670"]
[BlackElo "2545"]
[TimeControl "180+1"]
[EndTime "11:17:17 PDT"]
[Termination "EddieMarsalla won by resignation"]

1. e4 d5 2. exd5 Qxd5 3. Nc3 Qe5+ 4. Be2 c6 5. Nf3 Qc7 6. d4 Bf5 7. O-O e6 8. Nh4 Bg6 9. Re1 Bd6 10. d5 exd5 11.
Nxd5 Qd8 12. Ba6+ Kf8 13. Nxg6+ hxg6 14. Bxb7 Bxh2+ 15. Kf1 cxd5 16. Bxa8 Nf6 17. b3 Be5 18. Rb1 Ne4 19. Bd2 Qf6 20. Bb4+ Kg8 21. Qf3 Qa6+ 22.
Qd3 Qb6 23. Bc5 Qxc5 24. Rxe4 dxe4 25. Qd8+ Qf8 26. Qxf8+ Kxf8 27. Ke2 f5 28. b4 Ke7 29.
a4 Nd7 30. Bd5 Rc8 31. Bb3 Bd6 32. b5 Nc5 33. Kd2 Bf4+ 34. Kd1 Nxb3 35. Rxb3 Rd8+ 36. Ke1 Rd2 37. c4 Ra2 38. c5 Rxa4 39. b6 axb6 40. cxb6 Ra8 41. b7 Rb8 42. g3 Bd6 43. Ke2 Kd7 44.
g4 Kc7 45. gxf5 gxf5 46. Rb5 g6 47. Ke3 Rxb7 48. Ra5 Rb3+ 49. Kd4 Rf3 50. Kd5 Rd3+ 51. Ke6 Kb6 52. Ra2 Bc5 53. Kf6 Rf3 54. Kxg6 Rxf2 0-1

[Event "*** Titled Tuesday Blitz"]
[Site "Chess.com"]
[Date "2020.05.12"]
[Round "7"]
[White "blitzking1729"]
[Black "Nastya_Rakhmangulova"]
[Result "1/2-1/2"]
[WhiteElo "2489"]
[BlackElo "2286"]
[TimeControl "180+1"]
[EndTime "11:17:17 PDT"]
[Termination "Game drawn by repetition"]

1. Nf3 d5 2. g3 c6 3. Bg2 Bg4 4.
O-O Nd7 5. d3 e5 6. c4 Ngf6 7.
cxd5 cxd5 8. Nc3 Bd6 9. Qb3 Nc5 10. Qc2 O-O 11. d4 exd4 12. Nxd4 Rc8 13. Bg5 Nce4 14.
Bxf6 Nxf6 15. Qb3 Bc5 16. Rfd1 Qb6 17. Qxb6 Bxb6 18. h3 Rc4 19. Nb3 Bf5 20. Nxd5 Nxd5 21.
Rxd5 Be6 22. Rd2 Rfc8 23. Bxb7 Rb8 24. Bg2 a5 25. Rad1 a4 26. Nd4 Bxd4 27. Rxd4 g6 28. Rd8+ Rxd8 29. Rxd8+ Kg7 30. Rd2 Rc1+ 31. Kh2 Bxa2 32.
Bf3 Bb3 33. Kg2 h5 34. h4 Kf6 35. e3 Ke5 36. Bb7 Be6 37. f4+ Kf6 38. Bf3 Bc4 39. e4 Bf1+ 40. Kf2 Bc4 41. e5+ Ke6 42. Bg2 Bb3 43. Bh3+ Ke7 44. Bg2 Be6 45. Bf3 Rc4 46. Bd1 Rb4 47. Ke3 Bf5 48. Kf2 Rc4 49. Be2 Rb4 50. Bd1 Be6 51. Ke3 Bf5 52. Kf2 1/2-1/2

[Event "*** Titled Tuesday Blitz"]
[Site "Chess.com"]
[Date "2020.05.12"]
[Round "7"]
[White "26andrej26"]
[Black "konradrutkowski"]
[Result "0-1"]
[WhiteElo "2463"]
[BlackElo "2287"]
[TimeControl "180+1"]
[EndTime "11:17:18 PDT"]
[Termination "konradrutkowski won by resignation"]

1. e4 e5 2. Nf3 Nc6 3. Bb5 a6 4.
Ba4 Nf6 5. O-O Be7 6. Re1 b5 7. Bb3 O-O 8. c3 d5 9. exd5 Nxd5 10. Nxe5 Nxe5 11. Rxe5 c6 12. d4 Bd6 13. Re1 Qh4 14.
g3 Qh3 15. Re4 g5 16. Qf1 Qh6 17. Nd2 f5 18. Re1 Ra7 19. c4 bxc4 20. Nxc4 Bb8 21. Ne5 f4 22. Nxc6 Qxc6 23. Qg2 f3 24. Qf1 Kh8 25. Bd2 Nf4 26. d5 Qh6 27. Bc3+ Rg7 28.
Re7 Ne2+ 29. Rxe2 fxe2 30. Qxe2 Bd6 31. Re1 Kg8 32. Bxg7 Qxg7 33. Qh5 Qf6 34. Re2 Kg7 35. Bc2 Bf5 36. Bxf5 Qxf5 37. h4 g4 38. Qxf5 Rxf5 39. Rd2 Kf6 40. Kf1 Re5 41. Kg2 h5 42. f3 Re3 43. Rf2 Kg6 44. f4 Kf5 45. Rd2 Ke4 46. b3 Rd3 47. Rf2 Rxd5 48. f5 Rxf5 49. Rxf5 Kxf5 0-1

[Event "*** Titled Tuesday Blitz"]
[Site "Chess.com"]
[Date "2020.05.12"]
[Round "7"]
[White "Abund"]
[Black "Fandorine"]
[Result "0-1"]
[WhiteElo "2625"]
[BlackElo "2857"]
[TimeControl "180+1"]
[EndTime "11:17:20 PDT"]
[Termination "Fandorine won by resignation"]

1. d4 Nf6 2. c4 g6 3. Nc3 Bg7 4. e4 d6 5. Nf3 O-O 6. Be2 e5 7.
O-O exd4 8. Nxd4 Re8 9. Bd3 Nbd7 10. Re1 Nc5 11. Bc2 a5 12. h3 c6 13. Rb1 Nfd7 14.
Bf4 Ne5 15. b3 a4 16. Qd2 axb3 17. axb3 Ne6 18. Be3 Nxd4 19. Bxd4 c5 20. Be3 Be6 21. Ra1 Rxa1 22. Rxa1 Bxh3 23. Rd1 Bg4 24. Rb1 Qh4 25. Qxd6 Nf3+ 26. gxf3 Bxf3 27. Qh2 Qg4+ 28. Qg3 Qxg3+ 29. fxg3 Bxc3 30. Bxc5 Bxe4 31. Bxe4 Rxe4 32. Rd1 Re1+ 33. Rxe1 Bxe1 34. Kg2 f5 35. Kf3 h5 36. Kf4 Kf7 37.
Bd4 Ke6 38. Bb2 Bd2+ 39. Kf3 g5 40. Bd4 g4+ 41. Kf2 Bg5 42. b4 f4 43. gxf4 Bxf4 44. b5 h4 45. c5 Kd5 46. Bf6 Bg3+ 47. Kg2 Kxc5 48. Bxh4 Bxh4 0-1

[Event "*** Titled Tuesday Blitz"]
[Site "Chess.com"]
[Date "2020.05.12"]
[Round "7"]
[White "SirMittensofMittensville"]
[Black "TigrVShlyape"]
[Result "0-1"]
[WhiteElo "2577"]
[BlackElo "2817"]
[TimeControl "180+1"]
[EndTime "11:17:20 PDT"]
[Termination "TigrVShlyape won by checkmate"]

1. e4 c5 2. c3 Nf6 3. e5 Nd5 4.
d4 cxd4 5. cxd4 Nc6 6. Bc4 Nb6 7. Bb3 d5 8. exd6 Qxd6 9. Nf3 Be6 10. O-O Bxb3 11. Qxb3 e6 12. Nc3 Be7 13. Rd1 Rd8 14. a4 Qd7 15. a5 Nd5 16. Ne5 Nxe5 17.
dxe5 O-O 18. Nxd5 exd5 19. Be3 a6 20. Bb6 Rc8 21. Rxd5 Qe6 22. Rad1 f6 23. Qe3 Rfe8 24. h3 h6 25. Qg3 f5 26. Qd3 Bf8 27. f4 Rc6 28.
Rd7 Rec8 29. Rxb7 Rc2 30. Bd4 Qc6 31. Qb3+ Kh8 32. Bf2 Qe4 33. Qf3 Qa4 34. Rbd7 Qxa5 35. Kh1 Qb5 36. Bg1 Rxb2 37. Qh5 Qc6 38. R1d2 Rxd2 39.
Rxd2 Qe6 40. Ra2 Rc1 41. Rb2 Bc5 42. Rb8+ Kh7 43. Re8 Rxg1+ 44. Kh2 Qd7 45. e6 Qd5 46. Qf3 Qxf3 47. gxf3 Re1 48. Kg2 Bd6 49. Kg3 Re2 50. h4 g5 51. hxg5 hxg5 52. Kh3 Bxf4 53. Re7+ Kg6 54.
Rg7+ Kxg7 55. e7 Rh2# 0-1